Map: Ascension to Aiur LE

Players

Gemini

  • Race: Protoss Protoss
  • League: Grandmaster
  • Spawn Location: 5:00

A.I. 1 (Very Easy) - Winner!

  • Race: Zerg Zerg
  • Spawn Location: 11:00

VOD

Have the link to the VOD?

Description

Time

  • Played on: Nov. 25, 2017, 12:36 p.m.
  • Length: 10:07
Show
View Real Time Build Order
Export as new Build Order

Gemini Protoss 

Build Orders: 1 Gate Expand, Oracle Opening, Phoenix Opening 

Get SALT Encoding   

  12  0:00  Probe (Chrono Boost)  
  13  0:13  Probe (Chrono Boost)  
  14  0:19  Pylon  
  14  0:22  Probe  
  15  0:37  Probe  
  15  0:40  Gateway  
  16  0:48  Assimilator  
  16  0:49  Probe  
  17  1:01  Probe (Chrono Boost)  
  19  1:13  Probe (Chrono Boost)  
  19  1:21  Nexus  
  19  1:24  Probe  
  20  1:33  Cybernetics Core  
  20  1:36  Probe  
  21  1:45  Assimilator  
  21  1:48  Probe  
  21  1:52  Pylon  
  22  2:00  Probe  
  23  2:10  Adept (Chrono Boost)  
  23  2:11  Warp Gate  
  23  2:12  Probe  
  26  2:25  Probe (Chrono Boost)  
  27  2:36  Stargate  
  29  2:37  Probe (Chrono Boost)  
  29  2:42  Stalker  
  29  2:43  Probe (Chrono Boost)  
  32  2:44  Probe (Chrono Boost)  
  32  2:45  Probe  
  33  2:54  Probe  
  33  2:57  Probe  
  35  3:06  Probe  
  35  3:09  Probe  
  35  3:10  Gateway  
  35  3:11  Gateway  
  37  3:18  Probe  
  37  3:19  Oracle (Chrono Boost)  
  41  3:24  Pylon  
  41  3:25  Probe  
  42  3:30  Probe  
  43  3:36  Assimilator  
  43  3:37  Probe  
  43  3:39  Assimilator  
  44  3:42  Probe  
  44  3:45  Robotics Facility  
  45  3:49  Probe  
  45  3:54  Probe  
  47  3:57  Phoenix (Chrono Boost)  
  47  4:00  Pylon  
  47  4:01  Probe  
  50  4:06  Probe  
  51  4:13  Probe  
  52  4:18  Probe  
  52  4:20  Sentry  
  55  4:26  Pylon  
  55  4:27  Probe  
  56  4:35  Nexus  
  56  4:39  Pylon, Warp Prism (Chrono Boost)  
  56  4:41  Probe  
  56  4:42  Probe  
  60  4:52  Sentry x2  
  64  4:54  Adept  
  64  4:57  Probe x2 (Chrono Boost)  
  68  5:02  Twilight Council  
  68  5:03  Forge  
  68  5:09  Probe (Chrono Boost)  
  71  5:15  Pylon  
  71  5:16  Observer (Chrono Boost)  
  71  5:18  Probe (Chrono Boost)  
  71  5:23  Gateway  
  71  5:24  Gateway  
  71  5:30  Probe  
  71  5:32  Probe, Blink (Chrono Boost)  
  71  5:35  Protoss Ground Weapons Level 1 (Chrono Boost)  
  73  5:37  Gateway  
  73  5:39  Gateway  
  73  5:42  Probe  
  74  5:44  Probe, Immortal  
  79  5:54  Probe  
  79  5:56  Probe  
  81  6:05  Probe  
  81  6:06  Probe  
  81  6:08  Probe  
  81  6:10  Pylon  
  84  6:17  Probe  
  85  6:18  Probe  
  85  6:20  Probe, Robotics Bay  
  87  6:28  Stalker x3  
  87  6:29  Probe  
  87  6:31  Probe  
  87  6:32  Probe, Immortal  
  100  6:38  Pylon  
  100  6:41  Probe  
  101  6:53  Probe x2  
  101  6:54  Assimilator  
  103  6:55  Pylon  
  103  6:57  Assimilator  
  103  7:02  Stalker x3  
  103  7:03  Gateway x2  
  103  7:07  Forge  
  103  7:08  Extended Thermal Lance  
  109  7:14  Protoss Ground Weapons Level 2 (Chrono Boost)  
  115  7:23  Charge (Chrono Boost)  
  115  7:25  Templar Archives  
  115  7:26  Pylon  
  115  7:32  Zealot x5, Colossus  
  125  7:37  Pylon  
  125  7:38  Pylon  
  125  7:49  Protoss Ground Armor Level 1 (Chrono Boost)  
  125  7:57  Zealot x3  
  131  8:00  Pylon  
  131  8:03  High Templar x2  
  135  8:14  Pylon  
  135  8:15  Pylon  
  135  8:16  Pylon, Archon, Gateway  
  135  8:17  Zealot, High Templar x2  
  135  8:19  Gateway  
  141  8:21  Gateway  
  141  8:22  Archon  
  141  8:25  Nexus, Colossus  
  147  8:29  Pylon  
  147  8:40  High Templar x2  
  147  8:41  Zealot x3  
  155  8:44  Archon  
  157  8:51  Zealot x2  
  157  8:55  Pylon x2  
  161  8:58  Pylon  
  161  9:01  High Templar  
  161  9:02  Zealot x2, High Templar  
  169  9:05  Archon  
  169  9:16  Shield Battery  
  169  9:18  Shield Battery  
  169  9:20  Shield Battery  
  169  9:21  Photon Cannon  
  169  9:22  Colossus (Chrono Boost)  
  169  9:23  Photon Cannon  
  175  9:27  Zealot x3, High Templar x2  
  175  9:29  Zealot  
  175  9:31  Archon  
  187  9:47  Probe x3  
  187  9:48  Probe  
  187  9:49  High Templar x2  
  187  9:50  Zealot x2  
  199  9:56  Archon  
Show
View Real Time Build Order
Export as new Build Order

A.I. 1 (Very Easy) Zerg - Winner!

Build Orders: Hatch First 

Get SALT Encoding   

  12  0:01  Drone  
  13  0:12  Overlord  
  13  0:16  Drone  
  14  0:41  Hatchery  
  13  0:45  Drone  
  14  1:05  Spawning Pool  
  14  1:07  Extractor  
  14  1:09  Drone  
  13  1:16  Drone  
  14  1:23  Overlord  
  14  1:52  Queen, Zergling x2  
  17  1:55  Zergling x2  
  18  2:07  Roach Warren  
  17  2:09  Extractor  
  17  2:11  Drone  
  17  2:18  Drone  
  17  2:20  Zergling x2  
  19  2:25  Drone  
  20  2:33  Drone  
  21  2:40  Drone  
  22  2:47  Drone  
  23  2:54  Drone  
  23  2:58  Lair  
  24  3:27  Drone  
  25  3:35  Drone  
  26  3:42  Drone  
  26  3:47  Overlord  
  27  3:49  Drone  
  28  3:56  Drone  
  28  3:59  Spire  
  28  4:03  Drone  
  28  4:09  Overseer  
  29  4:11  Drone  
  27  4:18  Drone  
  27  4:20  Overseer  
  28  4:25  Drone  
  29  4:32  Drone  
  30  4:39  Drone  
  31  4:46  Drone  
  32  4:54  Drone  
  32  4:55  Overlord  
  33  5:01  Drone  
  34  5:08  Drone  
  34  5:12  Mutalisk  
  34  5:13  Extractor  
  36  5:15  Drone  
  37  5:22  Drone  
  37  5:23  Extractor  
  37  5:29  Drone  
  38  5:36  Drone  
  39  5:44  Drone  
  39  5:49  Mutalisk, Overlord, Overseer  
  40  5:51  Drone  
  43  5:58  Drone  
  44  6:07  Drone  
  44  6:09  Overlord  
  45  6:15  Drone  
  46  6:22  Drone  
  47  6:29  Drone  
  48  6:36  Drone  
  49  6:43  Overseer  
  49  6:44  Overlord x2  
  49  8:25  Overseer  
Tags
 
Add a new tag
Caveats
  • Supply blocks, unpowered buildings, or Contaminate may cause inaccurate times.
  • Supply counts are checked every 10 seconds.